 Dungeon Crawl Stone Soup version 0.31.0-11-ge490571c62 (webtiles) character file.

Game seed: 4909087221695872540

2058 JustSomeDude the Shield-Bearer (level 9, -2/74 HPs)
             Began as a Gnoll Fighter on Jan 24, 2024.
             Was a Believer of Uskayaw.
             Slain by an orange demon (4 damage)
             ... led by Amaemon
             ... on level 8 of the Dungeon on Feb 2, 2024.
             The game lasted 00:27:15 (6982 turns).

JustSomeDude the Shield-Bearer (Gnoll Fighter)      Turns: 6982, Time: 00:27:15

Health: -2/74      AC: 14    Str: 18    XL:     9   Next: 25%
Magic:  15/15      EV:  9    Int: 14    God:    Uskayaw [**....]
Gold:   274        SH:  8    Dex: 13    Spells: 15/16 levels left

rFire   . . .        z - +4 spear
rCold   . . .        C - +2 buckler
rNeg    . . .        m - +0 chain mail
rPois   .            r - +0 helmet
rElec   .            v - +1 cloak
rCorr   .            (no gloves)
SInv    .            (no boots)
Will    .....        (no amulet) Stlth
                     n - +6 ring of intelligence
HPRegen 0.32/turn    (no ring)
MPRegen 0.14/turn

%: no passive effects
@: brilliant, lethally poisoned (-2 -> -48), attractive, hasted and slowed
A: fangs 1, strong nose, distributed training
a: Renounce Religion, Stomp, Line Pass


You were on level 8 of the Dungeon.
You worshipped Uskayaw.
Uskayaw was noncommittal.
You visited 2 branches of the dungeon, and saw 9 of its levels.

You collected 274 gold pieces.

Inventory:

Hand Weapons
 a - a +0 trident
 z - a +4 spear (weapon)
Armour
 c - a +0 buckler
 m - a +0 chain mail (worn)
 r - a +0 helmet (worn)
 v - a +1 cloak (worn)
 C - a +2 buckler (worn)
Jewellery
 n - a +6 ring of intelligence (left hand)
Talismans
 o - a beast talisman
Wands
 x - a wand of quicksilver (6)
 y - a wand of digging (6)
Scrolls
 b - a scroll of vulnerability {unknown}
 d - 2 scrolls of blinking {unknown}
 e - 3 scrolls of fear
 f - a scroll of revelation {unknown}
 h - a scroll of amnesia {unknown}
 i - 2 scrolls of poison
 j - 5 scrolls of teleportation
 l - 7 scrolls of identify (quivered)
 p - a scroll of enchant armour {unknown}
 q - a scroll of enchant weapon {unknown}
 u - a scroll of silence {unknown}
 w - 3 scrolls of noise {unknown}
 E - a scroll of immolation {unknown}
Potions
 k - a potion of lignification
 s - 2 potions of enlightenment
 t - a potion of haste
 B - a potion of curing {unknown}
 D - 2 potions of heal wounds


   Skills:
 + Level 7.9 Fighting
 + Level 4.2 Short Blades
 + Level 4.2 Long Blades
 + Level 4.2 Axes
 + Level 4.2 Maces & Flails
 + Level 6.3 Polearms
 + Level 4.2 Staves
 + Level 4.2 Ranged Weapons
 + Level 4.2 Throwing
 + Level 7.9 Armour
 + Level 4.2 Dodging
 + Level 4.2 Stealth
 + Level 7.9 Shields
 + Level 4.2 Unarmed Combat
 + Level 4.2 Spellcasting
 + Level 3.4 Conjurations
 + Level 3.4 Hexes
 + Level 3.4 Summonings
 + Level 3.4 Necromancy
 + Level 3.4 Translocations
 + Level 3.4 Fire Magic
 + Level 3.4 Ice Magic
 + Level 3.4 Air Magic
 + Level 3.4 Earth Magic
 + Level 3.4 Alchemy
 + Level 4.6 Invocations
 + Level 4.2 Evocations
 + Level 3.8 Shapeshifting


You had 15 spell levels left.
You knew the following spells:

 Your Spells              Type           Power      Damage    Failure   Level
a - Slow                  Hex            76%        N/A       38%         1

Your spell library contained the following spells:

 Spells                   Type           Power      Damage    Failure   Level
 Freeze                   Ice            76%        1d8       38%         1
 Confusing Touch          Hex            19%        N/A       77%         3
 Frozen Ramparts          Ice            38%        1d6       77%         3
 Hailstorm                Conj/Ice       19%        3d7       77%         3
 Sigil of Binding         Hex            19%        N/A       77%         3
 Vampiric Draining        Necr           19%        2d7       77%         3
 Brom's Barrelling Bould  Conj/Erth      19%        2d4       99%         4
 Fireball                 Conj/Fire      9%         3d6       100%        5
 Iskenderun's Battlesphe  Conj           19%        2d7       100%        5
 Conjure Ball Lightning   Conj/Air       9%         3x3d6     100%        6
 Orb of Destruction       Conj           9%         9d6       100%        7


Dungeon Overview and Level Annotations

Branches:
Dungeon (8/15)             Temple (1/1) D:6
   Lair: D:8-11

Altars:
Ashenzari
Cheibriados
Dithmenos
Elyvilon
Fedhas
Hepliaklqana
Kikubaaqudgha
Makhleb
Nemelex Xobeh
Qazlal
Ru
Sif Muna
Trog
Uskayaw
Vehumet
Wu Jian
Xom
Yredelemnul
Zin
The Shining One

Annotations:
D:2 1 runed translucent door, Crazy Yiuf
D:8 Amaemon


Innate Abilities, Weirdness & Mutations

You have very sharp teeth.
Your uncanny sense of smell can sniff out nearby items.
Your experience applies equally to all skills.


Message History

Amaemon is moderately wounded.
Amaemon closely misses you. Amaemon claws you but does no damage.
You block Amaemon's attack. The orange demon barely misses you.
You can now pass through a line of other dancers.
You hit Amaemon.
Amaemon is moderately wounded.
You hit Amaemon.
Amaemon is moderately wounded.
You block Amaemon's attack. Amaemon claws you but does no damage.
Amaemon tail-slaps you but does no damage.
The orange demon stings you but does no damage.
You hit Amaemon.
Amaemon is heavily wounded.
You closely miss Amaemon.
Amaemon is heavily wounded.
Amaemon hits you with a -2 demon whip of venom.
You are poisoned.
Amaemon claws you. Amaemon tail-slaps you.
You are more poisoned.
Amaemon poisons you! The orange demon stings you from afar!
You are lethally poisoned!
You have difficulty breathing.
You feel yourself slow down.
It was a potion of attraction.
You feel attractive to monsters.
You feel extremely sick.
Amaemon hits you with a -2 demon whip of venom!
Amaemon claws you.
* * * LOW HITPOINT WARNING * * *
Amaemon tail-slaps you but does no damage.
The orange demon misses you.
It was a potion of brilliance.
You feel clever all of a sudden.
* * * LOW HITPOINT WARNING * * *
You feel extremely sick.
Amaemon hits you with a -2 demon whip of venom!
* * * LOW HITPOINT WARNING * * *
You are more poisoned.
You block Amaemon's attack. Amaemon barely misses you.
The orange demon stings you from afar.
You die...

#. #.##.## .# #. #.#.#
######...# #. #..###........#
#.# #.## ##.......#####..#
#.####..###...####.#
#...##..#.....# ##..
##..........##..# ..#
...........####.## ..#
..###..#...# ##@# ..#
..##.####.#### #6# ##...
............:###.4##. ∆..
........................ ...####
....................... .......
.......................# #......
.....................###
##......
.....................###
#.......
.......................###.....#


You could see Amaemon and an orange demon (curare).

Vanquished Creatures
  A yak (D:4)
  A steam dragon (D:7)
  2 water moccasins (D:6)
  2 ice beasts
  A black bear (D:4)
  4 centaurs
  A gnoll sergeant (D:8)
  A bullfrog (D:7)
  3 scorpions
  A bombardier beetle (D:6)
  4 hounds
  2 orc priests (D:8)
  A sleepcap (D:8)
  Terence (D:3)
  Jessica (D:2)
  An iguana (D:6)
  Natasha (thrice) (D:2)
  4 orc wizards
  5 gnolls (D:8)
  4 adders
  A shadow imp (D:8)
  A white imp (D:6)
  2 ufetubi (D:6)
  2 ribbon worms
  A dart slug (D:4)
  20 orcs
  4 bats
  3 endoplasms
  3 giant cockroaches
  6 goblins
  8 hobgoblins
  2 jackals (D:1)
  3 quokkas
  4 ball pythons
  A frilled lizard (D:3)
  10 kobolds
  9 rats
123 creatures vanquished.

Notes
Turn   | Place    | Note
-------+----------+-------------------------------------------
     0 | D:1      | JustSomeDude the Gnoll Fighter began the quest for the Orb.
     0 | D:1      | Reached XP level 1. HP: 23/23 MP: 1/1
   261 | D:1      | Reached XP level 2. HP: 29/29 MP: 2/2
   805 | D:2      | Reached XP level 3. HP: 35/35 MP: 3/3
   819 | D:2      | Noticed Jessica
   820 | D:2      | Noticed Natasha
   825 | D:2      | Killed Jessica
   826 | D:2      | Reached skill level 1 in Short Blades
   826 | D:2      | Reached skill level 1 in Long Blades
   826 | D:2      | Reached skill level 1 in Axes
   826 | D:2      | Reached skill level 1 in Maces & Flails
   826 | D:2      | Reached skill level 1 in Staves
   826 | D:2      | Reached skill level 1 in Ranged Weapons
   826 | D:2      | Reached skill level 1 in Throwing
   826 | D:2      | Reached skill level 1 in Dodging
   826 | D:2      | Reached skill level 1 in Stealth
   826 | D:2      | Reached skill level 1 in Unarmed Combat
   826 | D:2      | Reached skill level 1 in Spellcasting
   826 | D:2      | Reached skill level 1 in Invocations
   826 | D:2      | Reached skill level 1 in Evocations
   829 | D:2      | Killed Natasha
   830 | D:2      | Reached skill level 1 in Shapeshifting
   830 | D:2      | Reached XP level 4. HP: 36/41 MP: 3/5
   849 | D:2      | Reached skill level 1 in Conjurations
   849 | D:2      | Reached skill level 1 in Hexes
   849 | D:2      | Reached skill level 1 in Summonings
   849 | D:2      | Reached skill level 1 in Necromancy
   849 | D:2      | Reached skill level 1 in Translocations
   849 | D:2      | Reached skill level 1 in Fire Magic
   849 | D:2      | Reached skill level 1 in Ice Magic
   849 | D:2      | Reached skill level 1 in Air Magic
   849 | D:2      | Reached skill level 1 in Earth Magic
   849 | D:2      | Reached skill level 1 in Alchemy
  1011 | D:2      | Noticed Natasha
  1021 | D:2      | Killed Natasha
  1189 | D:2      | Reached XP level 5. HP: 47/47 MP: 7/7
  1339 | D:2      | Found a runed translucent door.
  1340 | D:2      | Noticed Crazy Yiuf
  1360 | D:2      | Noticed Natasha
  1364 | D:2      | Killed Natasha
  1786 | D:3      | Found a shimmering blue altar of Sif Muna.
  1877 | D:3      | Reached XP level 6. HP: 38/53 MP: 8/8
  1888 | D:3      | Reached skill level 5 in Polearms
  2157 | D:3      | Noticed Terence
  2173 | D:3      | Killed Terence
  2416 | D:3      | Found a shimmering altar of Xom.
  2952 | D:4      | Reached XP level 7. HP: 55/59 MP: 10/10
  3414 | D:5      | Entered Level 5 of the Dungeon
  3428 | D:5      | Noticed a yak
  3430 | D:5      | Noticed a yak
  3431 | D:5      | Noticed a yak
  3439 | D:5      | Noticed a yak
  3440 | D:5      | Noticed a yak
  3457 | D:4      | Killed a yak
  3899 | D:5      | Noticed a moth of wrath
  3906 | D:5      | Found a bloodstained altar of Trog.
  4145 | D:6      | Upgraded the game from 0.31.0-9-g3a7656b989 to
                  | 0.31.0-11-ge490571c62
  4201 | D:6      | Reached XP level 8. HP: 67/67 MP: 12/12
  4232 | D:6      | Found a staircase to the Ecumenical Temple.
  4241 | Temple   | Entered the Ecumenical Temple
  4326 | Temple   | Became a worshipper of Uskayaw the Reveller
  4389 | D:6      | Reached * piety under Uskayaw
  4425 | D:6      | Found a hazy altar of Hepliaklqana.
  4425 | D:6      | Found a basalt altar of Yredelemnul.
  4432 | D:6      | Found a radiant altar of Vehumet.
  4434 | D:6      | Found an ancient bone altar of Kikubaaqudgha.
  4436 | D:6      | Found a broken altar of Ashenzari.
  4481 | D:6      | Found a glowing silver altar of Zin.
  4586 | D:6      | Found a snail-covered altar of Cheibriados.
  4594 | D:6      | Reached ** piety under Uskayaw
  5098 | D:7      | Found a sparkling altar of Nemelex Xobeh.
  6274 | D:8      | Reached *** piety under Uskayaw
  6291 | D:8      | Reached XP level 9. HP: 26/73 MP: 14/14
  6303 | D:8      | Reached **** piety under Uskayaw
  6453 | D:8      | Noticed Amaemon
  6862 | D:8      | Learned a level 1 spell: Slow
  6966 | D:8      | Noticed an orange demon
  6982 | D:8      | HP: 2/74 [Amaemon/-2 demon whip of venom (10)]
  6982 | D:8      | Slain by an orange demon

Illustrated notes

Levels and vault maps discovered:
D:1:      scummos_arrival_simple_crosswalls, layout_loops_ring,
          chequers_arboretum
D:2:      layout_loops_ring, uniq_natasha, uniq_crazy_yiuf_cottage, uniq_jessica
D:3:      layout_loops_ring, mainiacjoe_overflow_concentric_impassable,
          lemuel_blue_sif_altar, nicolae_houndstooth_variations, uniq_terence
D:4:      layout_gridville
D:5:      layout_basic, tgw_trog, chequers_serial_rivers_micro_b
D:6:      layout_loops_cross, lemuel_tele_altar, zin_academy,
          chequers_temple_overflow_minitemple, lemuel_temple_firewalk_b
D:7:      nicolae_cairo_tiling_large_dashed, layout_basic,
          mainiacjoe_overflow_alcove_4, lemuel_flame_loot_1
D:8:      layout_layer_cave, kennysheep_generic_room_12, uniq_amaemon
Temple:   hellmonk_temple_forest_ring

Skill      XL: |  1  2  3  4  5  6  7  8  9 |
---------------+----------------------------+-----
Short Blades   | 1 2 3 4 |  4.2
Long Blades    | 1 2 3 4 |  4.2
Axes           | 1 2 3 4 |  4.2
Maces & Flails | 1 2 3 4 |  4.2
Staves         | 1 2 3 4 |  4.2
Ranged Weapons | 1 2 3 4 |  4.2
Throwing       | 1 2 3 4 |  4.2
Dodging        | 1 2 3 4 |  4.2
Stealth        | 1 2 3 4 |  4.2
Unarmed Combat | 1 2 3 4 |  4.2
Spellcasting   | 1 2 3 4 |  4.2
Invocations    | 1 2 3 4 |  4.6
Evocations     | 1 2 3 4 |  4.2
Shapeshifting  | 1 2 3 |  3.8
Conjurations   | 1 2 3 |  3.4
Hexes          | 1 2 3 |  3.4
Summonings     | 1 2 3 |  3.4
Necromancy     | 1 2 3 |  3.4
Translocations | 1 2 3 |  3.4
Fire Magic     | 1 2 3 |  3.4
Ice Magic      | 1 2 3 |  3.4
Air Magic      | 1 2 3 |  3.4
Earth Magic    | 1 2 3 |  3.4
Alchemy        | 1 2 3 |  3.4
Polearms       | 5 6 |  6.3
Fighting       | 7 |  7.9
Armour         | 7 |  7.9
Shields        | 7 |  7.9

Action                     |  1- 3 |  4- 6 |  7- 9 || total
---------------------------+-------+-------+-------++-------
  Melee: Trident           |    51 |   210 |   286 ||   547
         Bite              |     2 |    17 |    40 ||    59
         Spear             |       |       |    74 ||    74
  Evoke: Wand              |       |       |     1 ||     1
    Use: Potion            |       |     1 |     8 ||     9
         Scroll            |       |       |     3 ||     3
   Stab: Paralysed         |       |       |     7 ||     7
 Armour: Scale mail        |    26 |     9 |       ||    35
         Chain mail        |       |   108 |   291 ||   399
         Skin              |       |     6 |       ||     6
  Dodge: Dodged            |    15 |    49 |   126 ||   190
  Block: Buckler           |     9 |    56 |   111 ||   176
